[ AOE2 MATCH · #513578440 ]
UnrankedLithuanians vs Vietnamese
[ REPLAY ANALYSIS · EXTRACTED FROM THE RECORDED GAME ]
Feudal
10:12
Castle
24:07
Imperial
35:20
| APM avg | 69.6 |
| APM peak | 140 |
| eAPM avg | 39.4 |
| Villagers / military | 128 / 136 |
Focus
⚔️ 64.2% · 🌾 35.8%
Knight ×94 · Skirmisher ×13 · Scout Cavalry ×11 · Monk ×5 · Scorpion ×5 · Militia ×3
Feudal
9:27
Castle
20:40
Imperial
36:45
| APM avg | 41.1 |
| APM peak | 112 |
| eAPM avg | 22.9 |
| Villagers / military | 123 / 67 |
Focus
⚔️ 33.2% · 🌾 66.8%
Fire Lancer ×47 · Archer ×9 · Spearman ×4 · Trebuchet (Packed) ×4 · Mangonel ×3
Match map
Initial resources + every placement click. Lines = walls · curves = elevation contours. ◆ gold · ⬟ stone · ● berries · ✦ relic · ◌ wall gap
Your base· ✓ Closed at 24:07 · 36t walls · 2 gate(s)
likempcuser's base· Open — 11t gap
Smoothed initial terrain · ◌ = detected wall gap · hover for details
Inputs per minute
— Drysoup - - likempcuser
Build order — Drysoup
First 150 of 335 actions detected
| 0:01 | Queue | Villager (Male) |
| 0:02 | Queue | Villager (Male) |
| 0:02 | Queue | Villager (Male) |
| 0:04 | Build | House |
| 0:05 | Build | House |
| 0:17 | Queue | Villager (Male) |
| 0:17 | Queue | Villager (Male) |
| 0:26 | Queue | Villager (Male) |
| 0:26 | Queue | Villager (Male) |
| 1:32 | Queue | Villager (Male) |
| 1:32 | Queue | Villager (Male) |
| 1:33 | Queue | Villager (Male) |
| 1:57 | Build | Lumber Camp |
| 2:00 | Queue | Villager (Male) |
| 2:00 | Queue | Villager (Male) |
| 2:00 | Queue | Villager (Male) |
| 2:27 | Queue | Villager (Male) |
| 2:27 | Queue | Villager (Male) |
| 2:28 | Queue | Villager (Male) |
| 3:01 | Queue | Villager (Male) |
| 3:01 | Queue | Villager (Male) |
| 3:01 | Queue | Villager (Male) |
| 3:13 | Queue | Villager (Male) |
| 3:13 | Queue | Villager (Male) |
| 3:13 | Queue | Villager (Male) |
| 3:43 | Build | House |
| 3:45 | Build | House |
| 3:48 | Queue | Villager (Male) |
| 4:03 | Queue | Villager (Male) |
| 4:03 | Queue | Villager (Male) |
| 4:33 | Queue | Villager (Male) |
| 4:33 | Queue | Villager (Male) |
| 5:16 | Queue | Villager (Male) |
| 5:16 | Queue | Villager (Male) |
| 5:19 | Build | Barracks |
| 6:16 | Queue | Militia |
| 6:16 | Queue | Militia |
| 6:16 | Queue | Militia |
| 6:32 | Build | Mill |
| 6:41 | Queue | Villager (Male) |
| 6:45 | Research | Loom |
| 7:33 | Queue | Villager (Male) |
| 8:02 | Research | Feudal Age |
| 8:15 | Build | House |
| 8:25 | Build | Palisade Gate |
| 8:45 | Queue | Villager (Male) |
| 8:46 | Queue | Villager (Male) |
| 9:05 | Queue | Villager (Male) |
| 9:34 | Queue | Villager (Male) |
| 9:41 | Build | House |
| 10:12 | Age | Feudal Age |
| 10:18 | Queue | Villager (Male) |
| 10:24 | Build | Stable |
| 10:28 | Queue | Villager (Male) |
| 10:32 | Build | Mining Camp |
| 10:33 | Research | Double-Bit Axe |
| 10:59 | Queue | Villager (Male) |
| 11:02 | Build | Farm |
| 11:03 | Build | Farm |
| 11:06 | Build | House |
| 11:13 | Build | Farm |
| 11:18 | Queue | Scout Cavalry |
| 11:19 | Queue | Scout Cavalry |
| 11:19 | Queue | Scout Cavalry |
| 11:19 | Queue | Scout Cavalry |
| 11:19 | Queue | Scout Cavalry |
| 11:27 | Build | House |
| 11:37 | Build | Palisade Wall |
| 11:39 | Build | Palisade Wall |
| 11:40 | Queue | Villager (Male) |
| 11:45 | Build | Farm |
| 11:58 | Build | Farm |
| 12:06 | Build | Palisade Wall |
| 12:08 | Build | Palisade Wall |
| 12:17 | Build | Farm |
| 12:18 | Queue | Villager (Male) |
| 12:23 | Build | House |
| 12:25 | Queue | Villager (Male) |
| 12:29 | Build | Farm |
| 12:50 | Build | Farm |
| 13:00 | Queue | Villager (Male) |
| 13:06 | Queue | Villager (Male) |
| 13:18 | Build | Archery Range |
| 13:24 | Queue | Scout Cavalry |
| 13:24 | Queue | Scout Cavalry |
| 13:36 | Build | House |
| 13:39 | Queue | Villager (Male) |
| 13:41 | Build | Farm |
| 13:41 | Queue | Villager (Male) |
| 13:49 | Build | House |
| 13:58 | Queue | Villager (Male) |
| 13:59 | Queue | Villager (Male) |
| 14:02 | Build | Palisade Wall |
| 14:03 | Build | Palisade Wall |
| 14:04 | Build | Palisade Wall |
| 14:08 | Queue | Scout Cavalry |
| 14:31 | Queue | Villager (Male) |
| 14:33 | Queue | Skirmisher |
| 14:34 | Queue | Skirmisher |
| 14:34 | Queue | Skirmisher |
| 14:42 | Build | Farm |
| 14:46 | Queue | Skirmisher |
| 15:21 | Queue | Skirmisher |
| 15:21 | Queue | Villager (Male) |
| 15:27 | Build | Farm |
| 15:41 | Queue | Skirmisher |
| 15:42 | Queue | Villager (Male) |
| 15:42 | Queue | Villager (Male) |
| 15:49 | Queue | Villager (Male) |
| 15:54 | Build | Market |
| 16:02 | Queue | Skirmisher |
| 16:02 | Queue | Skirmisher |
| 16:03 | Queue | Villager (Male) |
| 16:13 | Build | House |
| 16:16 | Build | Farm |
| 16:33 | Queue | Villager (Male) |
| 16:40 | Build | Lumber Camp |
| 16:45 | Queue | Skirmisher |
| 16:45 | Queue | Skirmisher |
| 16:48 | Queue | Villager (Male) |
| 16:59 | Queue | Skirmisher |
| 17:01 | Queue | Villager (Male) |
| 17:06 | Queue | Scout Cavalry |
| 17:06 | Queue | Scout Cavalry |
| 17:10 | Queue | Scout Cavalry |
| 17:26 | Build | Palisade Gate |
| 17:48 | Build | Blacksmith |
| 18:03 | Queue | Skirmisher |
| 18:04 | Queue | Skirmisher |
| 18:04 | Queue | Villager (Male) |
| 18:08 | Build | Palisade Gate |
| 18:09 | Queue | Villager (Male) |
| 18:15 | Build | Farm |
| 18:18 | Build | Farm |
| 18:18 | Build | Farm |
| 18:18 | Build | Farm |
| 18:19 | Build | Farm |
| 18:27 | Build | House |
| 18:31 | Build | House |
| 18:45 | Queue | Villager (Male) |
| 18:48 | Build | Farm |
| 18:49 | Build | Farm |
| 18:49 | Build | Farm |
| 18:56 | Queue | Villager (Male) |
| 19:03 | Queue | Villager (Male) |
| 19:09 | Build | Farm |
| 19:18 | Research | Fletching |
| 19:26 | Research | Horse Collar |
| 20:07 | Queue | Villager (Male) |
| 20:12 | Build | Stable |
Build order — likempcuser
First 150 of 327 actions detected
| 0:01 | Queue | Villager (Male) |
| 0:01 | Queue | Villager (Male) |
| 0:02 | Queue | Villager (Male) |
| 0:02 | Queue | Villager (Male) |
| 0:02 | Queue | Villager (Male) |
| 0:04 | Build | House |
| 0:06 | Build | House |
| 1:22 | Queue | Villager (Male) |
| 1:22 | Queue | Villager (Male) |
| 1:54 | Queue | Villager (Male) |
| 1:54 | Queue | Villager (Male) |
| 2:17 | Build | Lumber Camp |
| 2:22 | Build | House |
| 2:26 | Queue | Villager (Male) |
| 2:27 | Queue | Villager (Male) |
| 2:55 | Queue | Villager (Male) |
| 2:55 | Queue | Villager (Male) |
| 2:55 | Queue | Villager (Male) |
| 3:43 | Queue | Villager (Male) |
| 3:43 | Queue | Villager (Male) |
| 3:43 | Queue | Villager (Male) |
| 4:12 | Queue | Villager (Male) |
| 4:12 | Queue | Villager (Male) |
| 4:12 | Queue | Villager (Male) |
| 5:27 | Queue | Villager (Male) |
| 5:27 | Queue | Villager (Male) |
| 5:27 | Queue | Villager (Male) |
| 5:28 | Queue | Villager (Male) |
| 5:28 | Queue | Villager (Male) |
| 5:28 | Queue | Villager (Male) |
| 5:53 | Queue | Villager (Male) |
| 5:53 | Queue | Villager (Male) |
| 5:53 | Queue | Villager (Male) |
| 6:07 | Research | Loom |
| 6:36 | Build | Mining Camp |
| 7:17 | Research | Feudal Age |
| 7:18 | Research | Feudal Age |
| 7:26 | Build | House |
| 7:31 | Build | Barracks |
| 8:02 | Build | House |
| 9:16 | Build | House |
| 9:27 | Age | Feudal Age |
| 9:30 | Research | Double-Bit Axe |
| 9:53 | Queue | Villager (Male) |
| 9:54 | Queue | Villager (Male) |
| 9:54 | Queue | Villager (Male) |
| 9:54 | Queue | Villager (Male) |
| 9:56 | Build | Archery Range |
| 10:04 | Build | House |
| 10:28 | Build | House |
| 10:31 | Build | House |
| 10:57 | Queue | Villager (Male) |
| 10:59 | Queue | Archer |
| 10:59 | Queue | Archer |
| 10:59 | Queue | Archer |
| 10:59 | Queue | Archer |
| 11:17 | Build | Mill |
| 11:25 | Queue | Villager (Male) |
| 11:26 | Queue | Villager (Male) |
| 11:37 | Queue | Spearman |
| 12:02 | Queue | Archer |
| 12:02 | Queue | Archer |
| 12:02 | Queue | Archer |
| 12:06 | Build | House |
| 12:12 | Queue | Spearman |
| 12:31 | Queue | Villager (Male) |
| 12:31 | Queue | Villager (Male) |
| 12:34 | Build | Farm |
| 12:37 | Build | Farm |
| 12:45 | Build | House |
| 12:48 | Build | Palisade Wall |
| 12:49 | Build | Palisade Wall |
| 13:11 | Queue | Archer |
| 13:11 | Queue | Archer |
| 13:16 | Queue | Spearman |
| 13:27 | Build | House |
| 13:29 | Build | Palisade Wall |
| 13:32 | Queue | Villager (Male) |
| 13:32 | Queue | Villager (Male) |
| 13:32 | Queue | Villager (Male) |
| 13:36 | Build | Farm |
| 13:36 | Build | Farm |
| 13:36 | Build | Farm |
| 13:37 | Build | Farm |
| 13:37 | Build | Farm |
| 13:37 | Build | Farm |
| 13:38 | Build | Farm |
| 13:45 | Queue | Villager (Male) |
| 13:45 | Queue | Villager (Male) |
| 13:46 | Queue | Villager (Male) |
| 13:46 | Queue | Villager (Male) |
| 14:02 | Queue | Spearman |
| 14:10 | Build | Farm |
| 14:13 | Build | Farm |
| 14:37 | Queue | Villager (Male) |
| 14:48 | Build | Farm |
| 14:50 | Build | Farm |
| 15:24 | Queue | Villager (Male) |
| 15:24 | Queue | Villager (Male) |
| 15:58 | Build | Market |
| 16:01 | Build | Blacksmith |
| 16:36 | Build | Lumber Camp |
| 16:50 | Build | Palisade Wall |
| 17:00 | Build | Palisade Wall |
| 17:01 | Build | Palisade Wall |
| 17:07 | Build | Farm |
| 17:13 | Build | Farm |
| 17:30 | Queue | Villager (Male) |
| 17:35 | Build | Farm |
| 18:00 | Research | Castle Age |
| 18:15 | Build | Palisade Wall |
| 18:17 | Build | Farm |
| 18:20 | Research | Horse Collar |
| 18:31 | Build | House |
| 18:41 | Build | House |
| 18:50 | Build | House |
| 18:54 | Build | Farm |
| 18:54 | Build | Farm |
| 18:54 | Build | Farm |
| 18:55 | Build | Farm |
| 18:55 | Build | Farm |
| 18:55 | Build | Farm |
| 18:55 | Build | Farm |
| 18:56 | Build | Farm |
| 19:03 | Research | Gold Mining |
| 19:30 | Build | Farm |
| 19:32 | Build | Farm |
| 20:40 | Age | Castle Age |
| 20:43 | Build | Town Center |
| 20:51 | Build | Town Center |
| 21:00 | Research | Bow Saw |
| 21:01 | Queue | Villager (Male) |
| 21:01 | Queue | Villager (Male) |
| 21:01 | Queue | Villager (Male) |
| 21:02 | Queue | Villager (Male) |
| 21:02 | Queue | Villager (Male) |
| 21:02 | Queue | Villager (Male) |
| 21:03 | Queue | Villager (Male) |
| 21:34 | Research | Heavy Plow |
| 21:48 | Build | House |
| 22:04 | Queue | Villager (Male) |
| 22:04 | Queue | Villager (Male) |
| 22:04 | Queue | Villager (Male) |
| 22:21 | Build | House |
| 22:22 | Build | House |
| 22:26 | Build | Farm |
| 22:30 | Queue | Villager (Male) |
| 22:31 | Queue | Villager (Male) |
| 22:32 | Queue | Villager (Male) |
| 22:33 | Queue | Villager (Male) |
Match timeline
| 5:19 | Drysoup · first_building Barracks |
| 7:31 | likempcuser · first_building Barracks |
| 9:27 | likempcuser · age_up feudal |
| 9:56 | likempcuser · first_building Archery Range |
| 10:12 | Drysoup · age_up feudal |
| 10:24 | Drysoup · first_building Stable |
| 11:37 | Drysoup · wall_segment Palisade Wall x3 |
| 11:39 | Drysoup · wall_segment Palisade Wall x12 |
| 12:06 | Drysoup · wall_segment Palisade Wall x2 |
| 12:08 | Drysoup · wall_segment Palisade Wall x6 |
| 12:48 | likempcuser · wall_segment Palisade Wall x1 |
| 12:49 | likempcuser · wall_segment Palisade Wall x1 |
| 13:18 | Drysoup · first_building Archery Range |
| 13:29 | likempcuser · wall_segment Palisade Wall x1 |
| 14:02 | Drysoup · wall_segment Palisade Wall x13 |
| 14:03 | Drysoup · wall_segment Palisade Wall x1 |
| 14:04 | Drysoup · wall_segment Palisade Wall x1 |
| 16:50 | likempcuser · wall_segment Palisade Wall x3 |
| 17:00 | likempcuser · wall_segment Palisade Wall x11 |
| 17:01 | likempcuser · wall_segment Palisade Wall x13 |
| 18:15 | likempcuser · wall_segment Palisade Wall x6 |
| 20:25 | likempcuser · first_market_buy 100 stone |
| 20:28 | likempcuser · first_market_sell 100 food |
| 20:40 | likempcuser · age_up castle |
| 21:25 | Drysoup · first_market_buy 100 food |
| 24:07 | Drysoup · age_up castle |
| 24:43 | Drysoup · first_building Siege Workshop |
| 25:52 | likempcuser · first_building Castle |
| 26:45 | Drysoup · first_building Monastery |
| 26:56 | likempcuser · first_building Siege Workshop |
| 31:40 | Drysoup · first_building Castle |
| 32:08 | Drysoup · first_market_sell 100 wood |
| 35:20 | Drysoup · age_up imperial |
| 36:45 | likempcuser · age_up imperial |
| 40:19 | likempcuser · resign |
[ AI ANALYSIS · 1 CREDIT ]
What really happened in this match?
Wolo.gg analyzes every decision: build order, eco, micro, common mistakes by bracket. Personalized analysis on WhatsApp or Discord in 30 seconds.
Civ guide
Lithuanians
Perfil
Jugador #2516815